AoeStats
← Reinhardlunsen

Lombardia

509427877Analyzed
4v4 RM · 5d ago on Sep 26, 2026· 57m 44s· 8 players
Game mode
Random Map
Map size
Large (8 player)
Population
200
Speed
Normal
Resources
Standard
Victory
Conquest
Starting age
Dark Age
Ending age
Imperial Age
RankedLock teamsTeams togetherTeam positionsShared explorationLock speedFull tech treeHidden civsTurbo modeCheats
Victory
Defeat
🇨🇦 Tupi · Canada
1732
+13
🇳🇱 Lithuanians · Netherlands
1705
+14
🇮🇪 Magyars · Ireland
1701
+14
🇮🇪 Chinese · Ireland
1646
+16
🇷🇺 Burgundians · Russia
1745
-17
🇫🇷 Malians · France
1670
-15
🇨🇭 Vikings · Switzerland
1640
-14
🇩🇪 Byzantines · Germany
1568
-11
OGN
7:42 Loom
11:12 Feudal Age
11:44 Double-Bit Axe
12:48 Horse Collar
18:30 Wheelbarrow
21:16 Castle Age
22:48 Bow Saw
25:03 Hand Cart
28:19 Forging
33:23 Imperial Age
31:13 Scale Mail Armor
31:19 Scale Barding Armor
31:26 Bloodlines
31:50 Gold Mining
32:00 Heavy Plow
31:21 Light Cavalry
32:04 Husbandry
33:51 Chain Barding Armor
34:06 Farimba
33:36 Heavy Camel Rider
35:47 Iron Casting
38:55 Ballistics
39:30 Scale Mail Armor
39:26 Fletching
39:46 Stone Mining
42:05 Chain Mail Armor
43:19 Plate Barding Armor
43:40 Bodkin Arrow
47:03 Plate Mail Armor
47:08 Gold Shaft Mining
47:04 Crop Rotation
46:36 Light Cavalry
49:31 Caravan
50:01 Coinage
49:42 Guilds
50:04 Conscription
49:46 Town Watch
51:00 Hoardings
50:37 Masonry
50:07 Treadmill Crane
51:28 Chemistry
52:17 Hoardings
Maelgwyn
10:06 Feudal Age
9:34 Loom
15:03 Castle Age
12:56 Double-Bit Axe
13:22 Horse Collar
14:55 Fletching
21:15 Bow Saw
22:14 Heavy Plow
26:17 Gold Mining
26:18 Stone Mining
30:45 Imperial Age
29:46 Gold Shaft Mining
29:17 Scale Mail Armor
29:33 Squires
29:19 Arson
30:11 Chieftains
31:53 Conscription
32:44 Chain Mail Armor
34:03 Plate Mail Armor
33:44 Forging
33:17 Elite Varangian Guard
35:17 Caravan
37:18 Iron Casting
36:39 Bodkin Arrow
36:08 Capped Ram
41:46 Blast Furnace
40:47 Bracer
41:58 Two-Man Saw
41:29 Crop Rotation
41:22 Ballistics
42:06 Siege Ram
44:37 Coinage
46:06 Banking
47:58 Chemistry
46:39 Treadmill Crane
47:10 Masonry
48:18 Pikeman
51:13 Padded Archer Armor
52:32 Architecture
51:50 Elite Skirmisher
51:51 Elite Skirmisher
53:25 Leather Archer Armor
55:11 Fortified Wall
55:34 Ring Archer Armor
Reinhardlunsen
7:11 Loom
9:42 Feudal Age
15:14 Double-Bit Axe
15:10 Horse Collar
17:03 Fletching
22:12 Castle Age
22:04 Padded Archer Armor
22:50 Bodkin Arrow
22:26 Crossbowman
24:27 Thumb Ring
26:41 Bow Saw
28:53 Pikeman
29:33 Squires
29:35 Scale Mail Armor
30:31 Chain Mail Armor
31:18 Ballistics
42:24 Heavy Plow
43:09 Forging
45:50 Imperial Age
43:56 Wheelbarrow
47:03 Plate Mail Armor
47:09 Iron Casting
46:38 Elite Varangian Guard
47:12 Halberdier
50:41 Fortified Wall
51:44 Conscription
52:03 Caravan
52:55 Gold Mining
55:32 Elite Skirmisher
56:29 Bracer
57:29 Leather Archer Armor
Blaaaa
4:01 Double-Bit Axe
9:29 Feudal Age
8:23 Loom
8:54 Horse Collar
10:25 Bow Saw
10:28 Horse Collar
16:22 Wheelbarrow
15:48 Heavy Plow
20:31 Castle Age
19:18 Scale Barding Armor
21:09 Forging
23:59 Two-Man Saw
23:15 Hand Cart
24:29 Crop Rotation
28:52 Town Watch
35:13 Imperial Age
32:16 Cavalier
32:56 Husbandry
33:18 Chain Barding Armor
33:34 Iron Casting
35:13 Gold Mining
35:23 Paladin
36:39 Plate Barding Armor
37:17 Blast Furnace
37:07 Conscription
38:50 Caravan
39:18 Squires
39:20 Scale Mail Armor
39:36 Pikeman
40:32 Chain Mail Armor
40:21 Halberdier
40:47 Arson
43:31 Plate Mail Armor
44:32 Fletching
45:22 Coinage
45:00 Burgundian Vineyards
45:00 Light Cavalry
46:34 Hussar
50:47 Ballistics
51:05 Bodkin Arrow
52:03 Bracer
51:55 Guard Tower
55:28 Padded Archer Armor
55:40 Masonry
57:16 Keep
56:28 Arrowslits
58:17 Architecture
Gloriaz
9:07 Loom
11:17 Feudal Age
15:24 Castle Age
13:11 Double-Bit Axe
13:07 Horse Collar
16:18 Bow Saw
22:38 Wheelbarrow
22:04 Heavy Plow
24:12 Gold Mining
24:13 Stone Mining
24:25 Stone Mining
28:50 Imperial Age
27:15 Town Watch
27:36 Scale Barding Armor
28:27 Forging
28:33 Bloodlines
28:23 Husbandry
29:50 Chain Barding Armor
29:57 Conscription
30:51 Coinage
30:08 Elite Leitis
32:18 Plate Barding Armor
32:41 Iron Casting
33:09 Two-Man Saw
32:30 Hand Cart
32:46 Crop Rotation
32:03 Treadmill Crane
33:09 Ballistics
33:59 Scale Mail Armor
34:02 Pikeman
45:13 Fletching
45:39 Chain Mail Armor
46:12 Bodkin Arrow
48:47 Fortified Wall
48:48 Masonry
55:09 Guilds
55:18 Squires
54:45 Halberdier
56:00 Architecture
56:03 Murder Holes
56:10 Bracer
57:20 Light Cavalry
LaochraGael
8:56 Feudal Age
9:33 Double-Bit Axe
10:37 Horse Collar
15:53 Wheelbarrow
19:57 Castle Age
18:41 Scale Barding Armor
19:55 Bloodlines
19:38 Gold Mining
20:05 Light Cavalry
21:00 Husbandry
26:18 Bow Saw
28:56 Loom
30:40 Hand Cart
33:08 Imperial Age
30:50 Fletching
30:52 Stone Mining
31:59 Bodkin Arrow
32:04 Padded Archer Armor
32:39 Town Watch
33:17 Thumb Ring
34:00 Ballistics
33:08 Heavy Cavalry Archer
34:38 Parthian Tactics
35:00 Bracer
36:01 Chemistry
35:23 Recurve Bow
35:43 Conscription
37:29 Leather Archer Armor
40:15 Ring Archer Armor
42:48 Gold Shaft Mining
42:18 Caravan
43:49 Elite Magyar Huszar
44:50 Chain Barding Armor
45:23 Masonry
45:23 Heavy Plow
46:37 Plate Barding Armor
51:16 Two-Man Saw
52:29 Coinage
55:52 Siege Engineers
PossiblySean
0:38 Loom
9:14 Feudal Age
11:57 Double-Bit Axe
12:17 Horse Collar
18:46 Castle Age
17:51 Bloodlines
17:47 Gold Mining
19:16 Scale Barding Armor
19:56 Bow Saw
20:32 Husbandry
21:22 Gold Shaft Mining
21:43 Chain Barding Armor
29:57 Forging
31:19 Gold Shaft Mining
32:39 Iron Casting
35:53 Wheelbarrow
37:51 Imperial Age
35:38 Fletching
35:49 Padded Archer Armor
38:29 Bodkin Arrow
38:50 Leather Archer Armor
39:52 Chemistry
39:41 Bracer
40:08 Ballistics
41:34 Ring Archer Armor
42:25 Thumb Ring
42:37 Scale Mail Armor
43:34 Iron Casting
43:53 Chain Mail Armor
43:01 Pikeman
43:42 Squires
43:29 Arson
44:48 Two-Man Saw
46:17 Caravan
47:08 Plate Mail Armor
47:39 Blast Furnace
47:49 Elite Chu Ko Nu
49:17 Capped Ram
50:24 Siege Ram
51:33 Conscription
53:10 Elite Fire Lancer
55:41 Town Watch
56:11 Hand Cart
NuclearPasta
7:41 Loom
10:47 Feudal Age
11:59 Loom
12:05 Loom
14:30 Castle Age
12:44 Double-Bit Axe
12:40 Horse Collar
14:56 Fletching
16:33 Bodkin Arrow
19:25 Bow Saw
27:40 Heavy Plow
28:30 Wheelbarrow
31:57 Hand Cart
35:35 Imperial Age
33:23 Gold Mining
33:26 Stone Mining
33:51 Scale Mail Armor
33:42 Champi Runner
34:23 Squires
34:09 Arson
34:35 Forging
34:29 Champi Warrior
34:52 Pikeman
35:36 Halberdier
36:38 Conscription
36:34 Chain Mail Armor
36:49 Caravan
36:41 Elite Champi Warrior
38:39 Plate Mail Armor
38:42 Caciques
40:45 Iron Casting
41:59 Bracer
41:56 Murder Holes
42:22 Ballistics
43:53 Chemistry
43:17 Elite Blackwood Archer
44:58 Padded Archer Armor
45:05 Curare
48:32 Leather Archer Armor
50:13 Ring Archer Armor
49:26 Treadmill Crane
50:52 Elite Ibirapema Warrior
54:23 Hoardings
Connection lost

Rejoining the realm…

Still unreachable

The connection could not be restored.

Session expired

The server has moved on; the page needs a fresh start.